 Dungeon Crawl Stone Soup version 0.29.1-2-gbd0b4ee654 (webtiles) character file.

Game seed: 10727504276457806125

46 Descartes the Trooper (level 3, -7/18 HPs)
             Began as a Felid Wanderer on Nov 4, 2022.
             Killed by nerve-wracking pain
             ... invoked by an orc priest
              (13 damage)
             ... on level 3 of the Dungeon.
             The game lasted 00:06:11 (3912 turns).

Descartes the Trooper (Felid Wanderer)              Turns: 3912, Time: 00:06:12

Health: -7/18      AC:  1    Str: 10    XL:     3   Next: 44%
Magic:  5/7        EV: 17    Int: 13    God:
Gold:   78         SH:  0    Dex: 21    Spells: 5/6 levels left
                                        Lives:  0   Deaths: 1

rFire   . . .      SeeInvis +     - Unarmed
rCold   . . .      Faith    .   (shield unavailable)
rNeg    . . .      Spirit   .   (body armour unavailable)
rPois   .          Reflect  .   (helmet unavailable)
rElec   .          Harm     .   (cloak unavailable)
rCorr   .          Rampage  .   (gloves unavailable)
Will    .....                   (boots unavailable)
Stlth   ++........              (no amulet)
HPRegen 0.06/turn               f - +6 ring of dexterity
MPRegen 0.10/turn               (no ring)

@: very slightly contaminated, quick
A: very small, claws 1, fangs 3, see invisible, speed 1, shaggy fur 1, stealthy
paws, no weapons or thrown items, no armour, multi-lived
a: no special abilities


You were on level 3 of the Dungeon.
You visited 1 branch of the dungeon, and saw 3 of its levels.

You collected 78 gold pieces.

Inventory:

Jewellery
 f - a +6 ring of dexterity (left paw)
 h - a +4 ring of protection
 j - a ring of positive energy
Scrolls
 c - 2 scrolls of fog
 d - 3 scrolls of identify {unknown}
 e - 2 scrolls of enchant weapon {unknown}
 g - a scroll of fear {unknown}
 k - a scroll of amnesia {unknown}
 l - 5 scrolls of teleportation {unknown}
 m - a scroll of torment {unknown}
Potions
 a - 5 potions of curing
 b - 2 potions of attraction
 i - a potion of mutation {unknown}
 n - a potion of invisibility {unknown}


   Skills:
 - Level 4.0 Fighting
 + Level 2.1 Dodging
 + Level 2.3 Stealth
 + Level 1.5 Unarmed Combat
 + Level 2.4 Spellcasting
 - Level 0.6 Conjurations
 + Level 2.0 Hexes
 + Level 3.2 Ice Magic


You had 5 spell levels left.
You knew the following spells:

 Your Spells              Type           Power      Damage    Failure   Level
a - Freeze                Ice            36%        1d6       7%          1

Your spell library contained the following spells:

 Spells                   Type           Power      Damage    Failure   Level
 Ensorcelled Hibernation  Hex/Ice        16%        N/A       13%         2
 Ozocubu's Armour         Ice            9%         N/A       21%         3
 Sublimation of Blood     Necr           1%         N/A       36%         2
 Wereblood                Tmut           1%         N/A       36%         2
 Summon Hydra             Summ           0%         N/A       100%        7


Dungeon Overview and Level Annotations

Branches:
Dungeon (3/15)

Altars:
Sif Muna


Innate Abilities, Weirdness & Mutations

You have sharp claws.
You have razor-sharp teeth.
You have supernaturally acute eyesight. (SInv)
You cover ground quickly. (Speed+)
You are covered in fur. (AC +1)
Your paws help you pounce on unaware monsters.
You are incapable of wielding weapons or throwing items.
You cannot wear armour.
You gain extra lives every three experience levels.


Message History

You rejoin the land of the living...
Things that are here:
a +0 dagger; a goblin corpse
Casting: Freeze (safe; 7% risk of failure)
Confirm with . or Enter, or press ? or * to list all spells.
Aiming: Freeze (safe; 7% risk of failure)
Press: ? - help, Shift-Dir - straight line, f/p - orc priest
Aim: an orc priest, wielding a +0 dagger and wearing a +0 leather armour (severely wounded)
You freeze the orc priest.
The orc priest is almost dead.
The orc hits you with a +0 dagger.
The orc priest calls down the wrath of Beogh upon you.
Pain shoots through your body!
The orc priest calls upon Beogh to heal the orc priest.
The orc priest is healed somewhat.
Casting: Freeze (safe; 7% risk of failure)
Confirm with . or Enter, or press ? or * to list all spells.
Aiming: Freeze (safe; 7% risk of failure)
Press: ? - help, Shift-Dir - straight line, f/p - orc priest
Aim: an orc priest, wielding a +0 dagger and wearing a +0 leather armour (heavily wounded)
You miscast Freeze.
You are very lightly contaminated with residual magic.
Nothing appears to happen.
The orc hits you with a +0 dagger.
* * * LOW HITPOINT WARNING * * *
The orc priest calls upon Beogh to heal the orc.
The orc's wounds heal themselves!
Unknown command.
Casting: Freeze (safe; 7% risk of failure)
Confirm with . or Enter, or press ? or * to list all spells.
Aiming: Freeze (safe; 7% risk of failure)
Press: ? - help, Shift-Dir - straight line, f/p - orc priest
Aim: an orc priest, wielding a +0 dagger and wearing a +0 leather armour (heavily wounded)
You freeze the orc priest.
The orc priest is almost dead.
The orc misses you. The orc priest barely misses you.
Unknown command.
The orc priest mumbles some strange prayers to Beogh against you.
Pain shoots through your body!
Ouch! That really hurt!
You die...

.. #.###.###.# #....
....## #.......##.#..#
######..#....##.#..## #
#.......##...##.#...##..
#.......##.#.##.........
#..........#....<.......
#.........@.......#.....
#..........oo...†.....#.
#......)...o.......#....
#......#####.......#....
#.....##$.$##...........
#.....#$8$8.#...........
##### #_.oo.o.........#.
#$8.8.#.....#...#
##$$$##.###.....#


You could see 2 orc priests and an orc.

Vanquished Creatures
  4 gnolls
  3 worms (D:2)
  2 dart slugs (D:1)
  7 endoplasms
  3 giant cockroaches
  6 goblins
  2 hobgoblins (D:1)
  A kobold (D:2)
  2 quokkas (D:1)
  3 ball pythons
  2 bats
  4 frilled lizards
  7 rats
46 creatures vanquished.

Notes
Turn   | Place    | Note
-------+----------+-------------------------------------------
     0 | D:1      | Descartes the Felid Wanderer began the quest for the Orb.
     0 | D:1      | Descartes set off with the following items: a potion of
                  | curing, a potion of attraction, a scroll of fog; and the
                  | following spell memorised: Freeze; and the following spells
                  | available to memorise: Ensorcelled Hibernation, Ozocubu's
                  | Armour.
     0 | D:1      | Reached XP level 1. HP: 11/11 MP: 4/4
   212 | D:1      | Reached skill level 1 in Dodging
   212 | D:1      | Reached skill level 1 in Stealth
   266 | D:1      | Reached XP level 2. HP: 15/15 MP: 4/6
  1317 | D:1      | Reached XP level 3. HP: 18/18 MP: 7/7
  2595 | D:1      | Reached skill level 1 in Hexes
  2957 | D:1      | Reached XP level 4. HP: 19/22 MP: 3/8
  3343 | D:2      | Found a shimmering blue altar of Sif Muna.
  3898 | D:3      | HP: 1/22 [orc priest/divine providence (15)]
  3903 | D:3      | Killed from afar by an orc priest
  3904 | D:3      | Reached XP level 3. HP: -8/18 MP: 7/7
  3912 | D:3      | Killed from afar by an orc priest

Illustrated notes

Levels and vault maps discovered:
D:1:      scummos_arrival_gate, layout_basic
D:2:      layout_basic, basic_altar
D:3:      layout_rooms, kennysheep_slug_shrine, gammafunk_ghost_gnarly_gnolls,
          shapermc_ecumenical_altar_acropolis, kennysheep_orc_chapel

Skill      XL: |  1  2  3  4 |
---------------+-------------+-----
Dodging        | 1 2 |  2.1
Stealth        | 1 2 |  2.3
Ice Magic      | 3 |  3.2
Hexes          | 1 2 |  2.0
Fighting       | |  4.0
Unarmed Combat | |  1.5
Spellcasting   | |  2.4
Conjurations   | |  0.6

Action                   |  1- 3 |  4- 6 || total
-------------------------+-------+-------++-------
Melee: Unarmed           |    31 |    11 ||    42
       Bite              |     1 |     2 ||     3
       Punch             |       |     1 ||     1
 Cast: Freeze            |    72 |    28 ||   100
 Stab: Sleeping          |       |     2 ||     2
Armor: Skin              |       |     1 ||     1
Dodge: Dodged            |    65 |    20 ||    85
